 Dungeon Sprint DCSS version 0.21.1-1-g345015f (webtiles) character file.

467 wilfster70 the Carver (level 6, -8/55 HPs)
             Began as a Demonspawn Berserker on June 21, 2018.
             Was a Believer of Trog.
             Mangled by a yak (11 damage)
             ... in the Dungeon (Sprint I: "Red Sonja").
             The game lasted 00:01:42 (260 turns).

wilfster70 the Carver (Demonspawn Berserker)         Turns: 260, Time: 00:01:42

Health: -8/55      AC:  9    Str: 17    XL:     6   Next: 81%
Magic:  6/6        EV: 13    Int:  9    God:    Trog [**....]
Gold:   162        SH:  0    Dex: 14    Spells: 5/5 levels left

rFire    . . .     SeeInvis .   a - +0 falchion
rCold    . . .     Gourm    .   (no shield)
rNeg     . . .     Faith    .   j - +2 scale mail {rPois}
rPois    +         Spirit   .   (no helmet)
rElec    .         Reflect  .   (no cloak)
rCorr    .         Harm     .   (no gloves)
MR       .....     NoTele   +   (no boots)
Stlth    ..........             (no amulet)
HPRegen  0.18/turn              (no ring)
MPRegen  0.10/turn              (no ring)

@: berserk cooldown, starving, slowed, very slow
A: talons 2, powered by death 1
a: Berserk, Trog's Hand, Burn Spellbooks, Renounce Religion


You were in the Dungeon.
You worshipped Trog.
Trog was pleased with you.
You were starving.

You visited 1 branch You collected 162 gold pieces.

Inventory:

Hand Weapons
 a - a +0 falchion (weapon)
Armour
 j - a +2 scale mail of poison resistance (worn)
Scrolls
 i - a scroll of blinking
Potions
 b - a potion of brilliance {unknown}
 d - a potion of curing
 e - a potion of heal wounds
 f - a potion of haste
 g - 2 potions of magic
Comestibles
 c - a ration


   Skills:
 + Level 7.2 Fighting
 * Level 9.0 Long Blades
 + Level 6.2 Armour
 + Level 6.2 Dodging


You had 5 spell levels left.
You didn't know any spells.

Dungeon Overview and Level Annotations

Branches:
Dungeon (1/1)

Altars:
Cheibriados
Dithmenos
Elyvilon
Fedhas
Hepliaklqana
Kikubaaqudgha
Makhleb
Okawaru
Qazlal
Ru
Sif Muna
Trog
Uskayaw
Vehumet
Wu Jian
Xom
Yredelemnul
Zin
The Shining One
Jiyva
Lugonu

Shops:
D :


Innate Abilities, Weirdness & Mutations

You have razor-sharp toenails.
You regenerate a little health from kills.


Message History

Your scale mail prevents you from hitting the yak.
You claw the yak.
The yak is heavily wounded.
The yak barely misses you.
You riposte.
You hit the yak.
The yak is heavily wounded.
The yak gores you.
* * * LOW HITPOINT WARNING * * *
You barely miss the yak.
The yak is heavily wounded.
The yak closely misses you.
You hit the yak. You claw the yak.
The yak is severely wounded.
The yak closely misses you.
You riposte.
Your scale mail prevents you from hitting the yak.
The yak is severely wounded.
You barely miss the yak. Your kick misses the yak.
The yak is severely wounded.
You are starving!
The yak gores you!
You die...

###################
#<.#..)..#..'..#__#
#..[..#..').#..'^.+
#..#####'#####'#__#
#..# #..# #(####
#..#__#### ##.#
#..#_____##+#_.+
#⌠⌠#_.∩...Y@.._#
####_..__##_.#+#
___ ##+# #


You could see a yak.

Vanquished Creatures
  A slime creature (D)
  Sigmund (D)
  An ogre (D)
  A jelly (D)
  Ijyb (D)
5 creatures vanquished.

Notes
Turn   | Place    | Note
-------+----------+-------------------------------------------
     0 | D        | wilfster70 the Demonspawn Berserker began the quest for the Orb.
     0 | D        | Reached XP level 1. HP: 18/18 MP: 1/1
     1 | D        | Noticed Ijyb
    10 | D        | Killed Ijyb
    10 | D        | Reached skill level 4 in Long Blades
    10 | D        | Gained mutation: You have sharp toenails. [demonic ancestry]
    10 | D        | Reached XP level 2. HP: 25/25 MP: 2/2
    58 | D        | Noticed an ogre
    63 | D        | Killed an ogre
    63 | D        | Reached skill level 5 in Fighting
    63 | D        | Reached skill level 6 in Long Blades
    63 | D        | Gained mutation: You regenerate a little health from kills. [demonic ancestry]
    63 | D        | Reached XP level 3. HP: 30/33 MP: 3/3
    63 | D        | Reached XP level 4. HP: 36/39 MP: 4/4
   176 | D        | Noticed Sigmund
   181 | D        | Killed Sigmund
   181 | D        | Reached ** piety under Trog
   181 | D        | Reached skill level 7 in Long Blades
   181 | D        | Reached skill level 5 in Armour
   181 | D        | Reached skill level 5 in Dodging
   181 | D        | Gained mutation: You have razor-sharp toenails. [demonic ancestry]
   181 | D        | Reached XP level 5. HP: 47/47 MP: 5/5
   181 | D        | Reached XP level 6. HP: 53/53 MP: 6/6
   226 | D        | Found a burning altar of Makhleb.
   226 | D        | Found a viscous altar of Jiyva.
   226 | D        | Found a shimmering altar of Xom.
   226 | D        | Found a corrupted altar of Lugonu.
   226 | D        | Noticed a slime creature
   233 | D        | Killed a slime creature
   233 | D        | Reached skill level 8 in Long Blades
   234 | D        | Found an ornate altar of the Wu Jian Council.
   234 | D        | Found a deep blue altar of Sif Muna.
   236 | D        | Found a radiant altar of Vehumet.
   238 | D        | Reached skill level 9 in Long Blades
   250 | D        | Found Fonoh's Book Emporium.
   250 | D        | Found an ancient bone altar of Kikubaaqudgha.
   250 | D        | Found a hazy altar of Hepliaklqana.
   250 | D        | Found a stormy altar of Qazlal.
   250 | D        | Found a hide-covered altar of Uskayaw.
   250 | D        | Found a blossoming altar of Fedhas.
   250 | D        | Found a bloodstained altar of Trog.
   250 | D        | Found an iron altar of Okawaru.
   250 | D        | Found a basalt altar of Yredelemnul.
   250 | D        | Found a glowing golden altar of the Shining One.
   250 | D        | Found a snail-covered altar of Cheibriados.
   250 | D        | Found a sacrificial altar of Ru.
   250 | D        | Found a glowing silver altar of Zin.
   250 | D        | Found a shadowy altar of Dithmenos.
   250 | D        | Found a white marble altar of Elyvilon.
   250 | D        | Noticed a yak
   257 | D        | HP: 2/55 [yak (2)]
   260 | D        | Mangled by a yak

Skill      XL: |  1  2  3  4  5  6 |
---------------+-------------------+-----
Long Blades    | 4 6 7 9 |  9.0
Armour         | 2 4 5 6 |  6.2
Dodging        | 2 4 5 6 |  6.2
Fighting       | 5 6 7 |  7.2

Action                   |  1- 3 |  4- 6 || total
-------------------------+-------+-------++-------
Melee: Falchion          |    12 |    19 ||    31
       Kick              |     2 |    10 ||    12
Invok: Berserk           |     2 |     2 ||     4
Armor: Animal skin       |     1 |       ||     1
       Scale mail        |       |     4 ||     4
Dodge: Dodged            |     4 |    11 ||    15
       Rpst.: Falchion   |     1 |     5 ||     6
